Map: Oxide LE

Players

Reynor - Winner!

  • Race: Zerg Zerg
  • League: Master

MaxPax

  • Race: Protoss Protoss
  • League: Grandmaster

Event: TSL 7

VOD

Have the link to the VOD?

Description

Time

  • Played on: June 12, 2021, 2:47 p.m.
  • Length: 9:18

All games in this series

Show
View Real Time Build Order
Export as new Build Order

Reynor Zerg - Winner!

Build Orders: Hatch First 

Get SALT Encoding   

  12  0:00  Drone  
  13  0:12  Overlord  
  13  0:16  Drone  
  14  0:30  Drone x2  
  16  0:43  Drone  
  17  0:52  Hatchery  
  17  0:55  Drone  
  17  0:58  Drone  
  18  1:10  Extractor  
  17  1:13  Spawning Pool  
  17  1:16  Drone  
  17  1:19  Drone  
  18  1:27  Drone  
  19  1:38  Drone  
  20  1:48  Overlord  
  20  2:00  Queen  
  22  2:03  Queen  
  22  2:04  Zergling x4  
  26  2:11  Drone  
  26  2:14  Drone  
  28  2:16  Metabolic Boost  
  28  2:21  Drone  
  29  2:25  Drone  
  30  2:35  Hatchery  
  29  2:38  Drone  
  29  2:41  Drone  
  31  2:47  Queen  
  33  2:52  Overlord  
  33  2:56  Zergling x2  
  34  2:59  Drone x2  
  34  3:04  Drone  
  36  3:08  Overlord  
  36  3:10  Drone x2  
  36  3:12  Zergling x2  
  38  3:19  Overlord  
  38  3:21  Drone  
  38  3:25  Queen  
  41  3:30  Zergling x2  
  41  3:32  Drone  
  43  3:38  Drone  
  43  3:39  Overlord  
  43  3:40  Drone x2  
  46  3:44  Zergling x2  
  47  3:49  Queen  
  47  3:51  Drone x2  
  47  3:54  Drone  
  52  3:58  Drone  
  52  3:59  Drone x2  
  55  4:04  Queen  
  55  4:09  Queen  
  59  4:14  Drone  
  59  4:15  Spore Crawler  
  59  4:16  Drone x2  
  61  4:17  Drone  
  61  4:20  Drone  
  61  4:21  Drone  
  61  4:22  Drone  
  65  4:25  Overlord  
  65  4:29  Drone  
  66  4:36  Roach Warren, Overlord  
  66  4:38  Drone  
  65  4:41  Overlord  
  65  4:43  Queen  
  65  4:44  Drone x2  
  65  4:45  Drone  
  70  4:49  Lair  
  70  4:50  Drone  
  70  4:52  Drone  
  72  4:54  Drone x2  
  72  4:56  Drone x2  
  72  4:58  Drone  
  77  5:01  Extractor, Drone x2  
  77  5:02  Drone  
  77  5:05  Queen  
  81  5:09  Overlord  
  81  5:12  Drone x3  
  84  5:15  Drone x2  
  84  5:16  Drone x2  
  84  5:18  Drone  
  84  5:19  Drone  
  88  5:22  Overlord  
  88  5:24  Zergling x2, Roach  
  88  5:26  Overlord  
  89  5:29  Roach  
  89  5:31  Overlord  
  89  5:33  Extractor, Roach  
  89  5:34  Extractor  
  89  5:35  Roach  
  93  5:37  Overlord  
  93  5:38  Roach x2  
  97  5:43  Evolution Chamber  
  97  5:45  Roach  
  97  5:46  Evolution Chamber, Roach  
  97  5:48  Queen  
  101  5:54  Roach  
  101  5:55  Evolution Chamber  
  102  5:58  Overlord  
  102  6:00  Roach  
  102  6:02  Queen x2  
  106  6:04  Zergling x4  
  106  6:05  Zergling x6  
  106  6:08  Drone  
  110  6:15  Zergling x4, Roach  
  110  6:18  Zergling x2, Roach  
  113  6:22  Evolution Chamber  
  113  6:23  Zergling x2, Roach  
  113  6:24  Queen  
  117  6:26  Overlord  
  117  6:32  Zergling x6  
  116  6:33  Zergling x2  
  116  6:36  Zergling x4  
  116  6:38  Overseer  
  116  6:39  Zergling x2  
  122  6:40  Zergling x4  
  122  6:41  Queen  
  122  6:44  Spore Crawler  
  122  6:47  Queen  
  124  6:49  Ravager  
  124  6:51  Zergling x8  
  131  6:58  Ravager  
  131  6:59  Overlord  
  131  7:00  Queen  
  134  7:03  Zergling x8  
  137  7:09  Zergling x4  
  137  7:11  Zergling x6  
  137  7:12  Zergling x2  
  142  7:17  Queen, Zergling x2  
  142  7:18  Zergling x4  
  142  7:19  Zergling x2  
  145  7:23  Zergling x2  
  145  7:26  Queen  
  144  7:30  Zergling x4  
  144  7:32  Overseer x2, Overlord  
  144  7:34  Zergling x2  
  145  7:38  Overlord  
  145  7:42  Zergling x6  
  145  7:45  Overlord  
  145  7:48  Zergling x2  
  145  7:49  Ravager x3  
  145  7:52  Overlord  
  145  7:54  Queen  
  145  7:55  Queen  
  146  8:00  Zergling x4  
  146  8:01  Queen  
  148  8:05  Zergling x2  
  148  8:06  Zergling x2  
  148  8:11  Zergling x2  
  141  8:16  Zergling x4  
  134  8:21  Zergling x2  
  134  8:25  Zergling x2  
  134  8:27  Zergling x2  
  123  8:29  Queen  
  123  8:30  Queen  
  123  8:33  Roach  
  123  8:35  Ravager x3  
  123  8:37  Queen, Roach x2  
  123  8:41  Spore Crawler  
  131  8:43  Roach x3  
  134  8:49  Zergling x4, Roach x2  
  134  8:53  Roach x2  
Show
View Real Time Build Order
Export as new Build Order

MaxPax Protoss 

Build Orders: 1 Gate Expand 

Get SALT Encoding   

  12  0:00  Probe  
  13  0:13  Probe  
  14  0:19  Pylon  
  14  0:25  Probe  
  15  0:37  Gateway  
  15  0:40  Probe (Chrono Boost)  
  16  0:49  Probe (Chrono Boost), Assimilator  
  17  0:54  Probe (Chrono Boost)  
  18  1:06  Probe  
  19  1:18  Probe  
  20  1:27  Nexus  
  20  1:37  Cybernetics Core  
  20  1:41  Probe  
  21  1:47  Assimilator  
  21  1:53  Probe  
  22  1:56  Pylon  
  22  2:05  Probe  
  23  2:12  Adept (Chrono Boost)  
  23  2:13  Warp Gate  
  25  2:17  Probe  
  26  2:26  Stargate  
  27  2:30  Probe  
  27  2:33  Adept (Chrono Boost)  
  29  2:38  Probe x2  
  31  2:46  Probe  
  31  2:51  Probe  
  33  2:56  Probe  
  34  3:02  Void Ray (Chrono Boost)  
  34  3:03  Probe  
  35  3:08  Probe  
  40  3:15  Probe  
  40  3:16  Gateway  
  41  3:20  Probe  
  41  3:21  Pylon  
  42  3:27  Probe  
  42  3:32  Probe  
  44  3:39  Probe  
  45  3:41  Twilight Council  
  45  3:44  Probe  
  45  3:46  Gateway, Pylon  
  46  3:51  Probe  
  47  3:56  Probe  
  47  4:01  Nexus  
  48  4:07  Adept  
  48  4:09  Probe x2  
  52  4:11  Resonating Glaives (Chrono Boost)  
  52  4:12  Assimilator  
  52  4:14  Assimilator  
  52  4:20  Adept  
  52  4:21  Probe  
  52  4:23  Probe  
  56  4:28  Pylon  
  56  4:32  Adept  
  60  4:41  Adept  
  60  4:46  Probe x2, Pylon, Adept  
  60  4:51  Protoss Air Weapons Level 1  
  60  4:52  Pylon  
  64  4:53  Adept  
  64  4:58  Probe x2  
  68  5:04  Adept  
  70  5:10  Probe, Stargate  
  70  5:13  Probe  
  71  5:17  Adept x2  
  73  5:22  Dark Shrine  
  73  5:26  Void Ray (Chrono Boost)  
  72  5:28  Probe  
  72  5:31  Probe, Adept  
  79  5:36  Assimilator  
  79  5:39  Probe  
  80  5:44  Adept  
  80  5:46  Probe x2  
  84  5:51  Probe  
  84  5:53  Assimilator  
  84  5:56  Void Ray  
  83  6:02  Void Ray (Chrono Boost)  
  81  6:07  Probe  
  81  6:09  Probe  
  81  6:11  Probe  
  88  6:17  Forge  
  86  6:19  Probe, Robotics Facility  
  86  6:21  Probe  
  86  6:23  Probe  
  85  6:31  Probe  
  82  6:33  Probe  
  82  6:34  Adept  
  82  6:35  Probe  
  82  6:38  Void Ray (Chrono Boost), Shield Battery  
  88  6:43  Probe  
  88  6:44  Shield Battery  
  88  6:45  Probe  
  94  6:47  Probe, Void Ray (Chrono Boost)  
  94  6:49  Pylon  
  94  6:51  Photon Cannon  
  95  6:55  Probe  
  95  6:59  Photon Cannon  
  96  7:09  Void Ray (Chrono Boost)  
  96  7:10  Pylon  
  96  7:11  Dark Templar x3  
  96  7:13  Void Ray (Chrono Boost)  
  85  7:39  Void Ray (Chrono Boost)  
  85  7:43  Dark Templar x2  
  88  7:50  Probe  
  54  8:32  Photon Cannon  
  54  8:34  Photon Cannon  
  54  8:38  Pylon  
  54  8:42  Gateway, Pylon  
  54  8:44  Gateway  
  54  8:46  Gateway  
  54  8:47  Pylon  
Tags
 
Add a new tag
Caveats
  • Supply blocks, unpowered buildings, or Contaminate may cause inaccurate times.
  • Supply counts are checked every 10 seconds.